Map: Lock & Load

Players

wasp

  • Race: Protoss Protoss

larsgj

  • Race: Terran Terran

VOD

Have the link to the VOD?

Description

Time

  • Played on: Feb. 18, 2019, 7:16 a.m.
  • Length: 28:34
Show
View Real Time Build Order
Export as new Build Order

wasp Protoss 

Build Orders:  

Get SALT Encoding   

    0:01  Probe x12 (Chrono Boost)  
    0:15  Unknown x2  
  12  0:32  Pylon  
  12  0:59  Gateway  
  12  1:31  Forge  
  12  1:36  Gateway  
  12  1:51  Pylon  
  12  2:03  Assimilator  
  12  2:11  Assimilator  
  12  2:31  Cybernetics Core  
  12  2:37  Zealot  
  14  2:50  Zealot  
  16  3:48  Probe (Chrono Boost)  
  17  3:55  Zealot  
  17  3:56  Zealot  
  21  4:02  Probe (Chrono Boost)  
  22  4:15  Probe (Chrono Boost)  
  23  4:24  Dragoon  
  23  4:29  Probe (Chrono Boost)  
  26  4:43  Probe (Chrono Boost)  
  27  4:57  Zealot x2  
  31  5:21  Stargate  
  31  5:43  Pylon  
  31  5:56  Zealot  
  33  6:02  Zealot  
  25  8:16  Zealot  
  25  8:17  Zealot  
  25  8:18  Zealot x2  
  25  8:19  Zealot x2  
  37  9:06  Zealot x2  
  37  9:43  Dragoon  
  37  10:02  Phoenix x3  
  43  10:27  Stargate  
  43  10:31  Phoenix  
  45  11:03  Fleet Beacon  
  45  12:42  Tempest  
  45  12:43  Tempest x2  
  57  13:04  Tempest  
  61  14:09  Tempest  
  65  14:23  Tempest  
  57  16:10  Tempest x2  
  61  17:09  Tempest  
  65  17:10  Tempest  
  69  19:12  Gateway  
  69  19:26  Stargate  
  69  19:34  Stargate  
  69  19:42  Tempest x2  
Show
View Real Time Build Order
Export as new Build Order

larsgj Terran 

Build Orders:  

Get SALT Encoding   

  1  0:00  Orbital Command, SCV x12  
    0:15  Unknown  
  12  0:22  SCV  
  13  0:37  Supply Depot  
  13  0:42  SCV  
  14  1:09  SCV  
  15  1:17  Barracks  
  15  1:28  SCV  
  16  1:36  Supply Depot  
  16  1:45  SCV  
  17  1:53  Barracks  
  17  2:01  Bunker  
  17  2:05  Marine  
  18  2:16  Marine  
  19  2:23  SCV  
  19  2:25  Marine  
  21  2:40  SCV, Refinery  
  21  2:47  Refinery  
  22  2:57  SCV  
  23  3:03  Bunker  
  23  3:18  Supply Depot  
  23  3:33  SCV  
  23  3:39  Bunker  
  24  3:47  Supply Depot  
  24  3:49  SCV  
  24  3:54  Unknown  
  24  3:55  Supply Depot  
  24  3:59  Barracks Tech Lab  
  25  4:06  Marine, SCV  
  27  4:17  Marine  
  28  4:27  Marine  
  28  4:37  Marine  
  29  4:47  Marine  
  30  4:56  Marine  
  30  4:57  Marine  
  32  5:06  Marine  
  34  5:26  Supply Depot  
  34  5:29  Engineering Bay  
  34  5:44  Marine  
  34  5:45  Barracks Tech Lab  
  35  5:54  Marine  
  36  6:02  Orbital Command  
  36  6:04  Marine  
  36  6:08  Factory  
  37  6:14  Stabilizer Medpacks  
  37  6:19  Neosteel Frame  
  37  7:33  Armory  
  37  8:08  Structure Armor  
  37  8:16  Bunker  
  36  9:08  Terran Infantry Armor Level 1  
  36  10:34  Starport  
  36  10:44  Afterburners  
  36  10:56  Marine x2  
  38  11:07  Marine x2  
  40  11:17  Marine  
  40  11:23  Medic  
  40  11:25  Starport  
  40  11:27  Marine  
  43  11:33  Medic  
  43  11:37  Marine  
  46  11:44  Advanced Optics  
  46  11:48  Terran Infantry Weapons Level 1  
  47  12:12  Medic  
  47  12:17  Starport  
  49  12:22  Medic  
  51  12:33  Marauder  
  53  12:41  Starport Tech Lab  
  53  12:42  Starport Tech Lab  
  53  12:46  Marauder  
  55  12:58  Marauder  
  57  13:29  Starport Tech Lab  
  57  13:39  Fusion Core, Marine x2  
  57  13:44  Terran Vehicle And Ship Armor Level 1  
  57  13:49  Marine, Medic  
  59  13:59  Medic, Supply Depot  
  85  14:00  Medic  
  62  14:02  Supply Depot  
  62  14:03  Supply Depot  
  62  14:04  SCV  
  62  14:06  Supply Depot  
  62  14:09  Marine  
  67  14:10  Marine  
  69  14:20  Marine, Medic  
  69  14:21  SCV  
  73  14:37  SCV  
  73  14:54  SCV  
  74  15:11  SCV  
  74  15:14  Command Center  
  75  15:26  Battlecruiser  
  81  15:41  Weapon Refit  
  81  16:18  Marine x2  
  81  16:24  Terran Vehicle and Ship Weapons Level 1  
  81  16:28  Marine x2  
  85  17:01  Marine x2  
  85  17:08  Battlecruiser  
  87  17:11  Marine, Medic  
  87  17:16  SCV  
  97  17:21  Medic x2  
  97  17:23  Refinery  
  101  17:33  SCV  
  102  17:50  SCV  
  103  18:07  SCV  
  104  18:11  Refinery  
  101  18:24  SCV  
  102  18:37  Bunker  
  102  18:41  SCV, Battlecruiser  
  109  18:58  SCV  
  110  19:23  Supply Depot  
  110  19:25  Supply Depot  
  110  19:26  SCV  
  110  19:27  Supply Depot  
  110  19:29  Supply Depot  
  111  19:31  Supply Depot  
  111  19:35  Supply Depot  
  111  19:43  SCV  
  112  20:00  SCV  
  112  20:02  Battlecruiser  
  119  20:11  Medic  
  119  20:12  Medic  
  119  20:17  SCV  
  123  21:00  Orbital Command  
  123  21:05  Battlecruiser  
  129  21:43  Battlecruiser  
  135  21:53  Battlecruiser  
  141  22:36  Medic x2  
  145  22:46  Medic  
  145  22:47  Medic  
  149  22:57  Medic x2  
  153  23:18  Supply Depot  
  153  23:19  Battlecruiser  
  153  23:20  Supply Depot  
  153  23:21  Supply Depot  
  153  23:23  Supply Depot  
  159  23:33  Supply Depot  
  159  23:37  Supply Depot  
  159  23:59  Marine x2  
  159  24:09  Marine x2  
  161  24:19  Marine x2  
  163  24:29  Marine  
  164  24:59  Battlecruiser  
  164  25:00  Battlecruiser  
  176  25:37  Battlecruiser  
  181  26:55  Medic x2  
  184  27:05  Medic  
  184  27:06  Medic  
  188  27:16  Medic x2  
  192  27:26  Medic x2  
  196  27:36  Medic x2  
Tags
 
Commander
ArtanisRaynor
Matchup
Co-op
Replay Pack
Multiplayer
Add a new tag
Caveats
  • Supply blocks, unpowered buildings, or Contaminate may cause inaccurate times.
  • Supply counts are checked every 10 seconds.